 Dungeon Crawl Stone Soup version 0.20.1-1-g8b1a95d (webtiles) character file.

749 gribnar the Poker (level 7, -5/63 HPs)
             Began as a Hill Orc Monk on Dec 22, 2017.
             Was a Believer of Beogh.
             Slain by an orc warrior
             ... wielding a +0 trident
              (7 damage)
             ... on level 3 of the Dungeon.
             The game lasted 00:11:19 (6083 turns).

gribnar the Poker (Hill Orc Monk)                   Turns: 6083, Time: 00:11:20

Health: -5/63      AC:  9    Str: 16    XL:     7   Next: 77%
Magic:  7/7        EV: 10    Int: 10    God:    Beogh [**....]
Gold:   115        SH:  0    Dex: 15    Spells: 6/6 levels left

rFire    . . .     SeeInvis .   a - +1 spear
rCold    . . .     Gourm    .   (no shield)
rNeg     . . .     Faith    .   q - +0 scale mail
rPois    +         Spirit   .   s - +0 helmet
rElec    .         Reflect  .   (no cloak)
rCorr    .         Harm     .   k - +0 pair of gloves (curse)
MR       .....                  (no boots)
Stlth    +.........             (no amulet)
Regen    0.2/turn               l - ring of poison resistance
MPRegen  0.1/turn               r - +2 ring of strength

@: no status effects
A: no striking features
a: Smiting, Renounce Religion


You were on level 3 of the Dungeon.
You worshipped Beogh.
Beogh was pleased with you.
You were not hungry.

You visited 1 branch of the dungeon, and saw 4 of its levels.

You collected 115 gold pieces.

Inventory:

Hand Weapons
 a - a +1 spear (weapon)
Missiles
 p - 8 javelins (quivered)
Armour
 b - a +0 robe
 k - a cursed +0 pair of gloves (worn)
 m - a +1 ring mail
 q - a +0 scale mail (worn)
 s - a +0 helmet (worn)
Jewellery
 l - a ring of poison resistance (left hand)
 r - a +2 ring of strength (right hand)
Scrolls
 f - 2 scrolls of remove curse
 j - a scroll of recharging
Potions
 d - 2 potions of curing
 e - a potion of brilliance {unknown}
 g - 2 potions of might
 n - 2 potions of haste
 o - a potion of berserk rage {unknown}
 t - 2 potions of lignification
Books
 w - a book of Cantrips

   Spells                             Type                      Level
   a - Confusing Touch                Hexes                        1
   b - Animate Skeleton               Necromancy                   1
   c - Summon Small Mammal            Summoning                    1
   d - Apportation                    Translocation                1
Comestibles
 c - 2 bread rations
 h - 2 royal jellies
 u - 2 meat rations


   Skills:
 + Level 6.2 Fighting
 * Level 7.2 Polearms
 + Level 4.2 Armour
 - Level 2.4 Dodging
 - Level 1.5 Stealth


You had 6 spell levels left.
You didn't know any spells.

Dungeon Overview and Level Annotations

Branches:
Dungeon (4/15)
 Temple: D:4-7

Altars:
Cheibriados
Makhleb
Qazlal
Ru
Zin


Message History

You hit the orc but do no damage.
The orc is almost dead.
The orc closely misses you.
The orc warrior hits you from afar with a trident!
You hit the orc but do no damage.
The orc is almost dead.
The orc hits you but does no damage.
You barely miss the orc.
The orc is almost dead.
The orc warrior hits you from afar with a trident!
* * * LOW HITPOINT WARNING * * *
The orc barely misses you.
The orc warrior hits you from afar with a trident.
* * * LOW HITPOINT WARNING * * *
The orc hits you with a dagger.
* * * LOW HITPOINT WARNING * * *
There is a stone staircase leading up here.
The orc warrior hits you from afar with a trident!
You die...
Beogh appreciates the orc warrior's killing of a heretic priest.

#.#)###.######...########.# #
รท.......# #...# #.# #
###.##### #...# #.# ....# #...#
#.# ##### #...# #.# #### #
#######...# #.# ##... #
#......o..## #.###....
######.####.#o#.#######........
#...........#.@........####....
#.##.#........#.######.# ##...
#.##.#.........## #.# ####
#.##......#.#.## ##o######
#.####........# #.......#
#.####..###.#.# #.......#
#...........#.# #.......#
######.######.### #.......# #.#
#.....# #.......#


You could see an orc warrior and an orc.

Vanquished Creatures
  An ogre (D:4)
  A phantom (D:4)
  A howler monkey (D:4)
  An orc priest (D:4)
  A hound (D:4)
  Terence (D:3)
  2 worker ants (D:4)
  Natasha (thrice) (D:2 D:1)
  2 hound skeletons (D:4)
  7 gnolls
  11 adders
  2 oozes
  4 leopard geckos (D:4)
  16 orcs
  3 giant cockroaches
  9 goblins
  15 hobgoblins
  12 jackals
  2 quokkas
  2 ball pythons (D:4)
  6 bats
  4 frilled lizards (D:1)
  9 kobolds
  6 rats
121 creatures vanquished.

Vanquished Creatures (others)
  An orc (D:4)
1 creature vanquished.

Grand Total: 122 creatures vanquished

Notes
Turn   | Place    | Note
-------+----------+-------------------------------------------
     0 | D:1      | gribnar the Hill Orc Monk began the quest for the Orb.
     0 | D:1      | Reached XP level 1. HP: 19/19 MP: 1/1
   264 | D:1      | Reached XP level 2. HP: 27/27 MP: 2/2
   647 | D:1      | Reached skill level 1 in Armour
   818 | D:2      | Reached skill level 4 in Polearms
   818 | D:2      | Reached XP level 3. HP: 27/33 MP: 3/3
   949 | D:2      | Reached XP level 4. HP: 32/40 MP: 4/4
  1040 | D:2      | Noticed Natasha
  1042 | D:2      | Found a stormy altar of Qazlal.
  1058 | D:2      | Killed Natasha
  1303 | D:2      | Found a snail-covered altar of Cheibriados.
  1336 | D:2      | Noticed Natasha
  1351 | D:1      | Killed Natasha
  1351 | D:1      | Reached XP level 5. HP: 4/47 MP: 5/5
  1695 | D:1      | Noticed Natasha
  1707 | D:1      | Killed Natasha
  1707 | D:1      | Reached skill level 5 in Polearms
  2127 | D:2      | Found a sacrificial altar of Ru.
  2940 | D:2      | Reached skill level 5 in Fighting
  3189 | D:3      | Reached XP level 6. HP: 53/56 MP: 6/6
  3520 | D:3      | Found a glowing silver altar of Zin.
  3533 | D:3      | Noticed Terence
  3548 | D:3      | Killed Terence
  3810 | D:3      | Noticed an orc warrior
  3907 | D:4      | Became a worshipper of Beogh the Brigand
  3907 | D:4      | Reached * piety under Beogh
  3907 | D:4      | Reached ** piety under Beogh
  4270 | D:4      | Reached skill level 6 in Polearms
  4592 | D:4      | Reached XP level 7. HP: 48/62 MP: 7/7
  5247 | D:4      | Reached skill level 7 in Polearms
  5412 | D:4      | Found a burning altar of Makhleb.
  6082 | D:3      | HP: 1/63 [orc/dagger (3)]
  6083 | D:3      | Slain by an orc warrior

Skill      XL: |  1  2  3  4  5  6  7 |
---------------+----------------------+-----
Armour         | 1 2 3 4 |  4.2
Polearms       | 4 5 6 7 |  7.2
Fighting       | 4 5 6 |  6.2
Dodging        | |  2.4
Stealth        | |  1.5

Action                   |  1- 3 |  4- 6 |  7- 9 || total
-------------------------+-------+-------+-------++-------
Melee: Spear             |    82 |   420 |   234 ||   736
Invok: Convert to Beogh  |       |     1 |       ||     1
  Use: Scroll            |       |       |    10 ||    10
 Stab: Sleeping          |     6 |     2 |       ||     8
  Eat: Chunk             |       |     9 |     4 ||    13
       Bread ration      |       |     1 |       ||     1
Armor: Robe              |    11 |       |       ||    11
       Ring mail         |       |   101 |    26 ||   127
       Scale mail        |       |       |     8 ||     8
Dodge: Dodged            |    33 |   195 |    68 ||   296
